 Dungeon Crawl Stone Soup version 0.31-a0-108-gdf935468f2 (webtiles) character file.

Game seed: 16845171634779046489

96 Esekla the Sneak (level 4, -2/27 HPs)
             Began as an Octopode Delver on May 27, 2023.
             Slain by a water moccasin (8 damage)
             ... on level 5 of the Dungeon.
             The game lasted 00:06:14 (357 turns).

Esekla the Sneak (Octopode Delver)                   Turns: 357, Time: 00:06:15

Health: -2/27      AC:  1    Str: 11    XL:     4   Next: 67%
Magic:  5/5        EV: 13    Int: 14    God:
Gold:   28         SH:  0    Dex: 13    Spells: 5/5 levels left

rFire   . . .        a - +0 falchion
rCold   . . .        (no shield)
rNeg    . . .        (helmet restricted)
rPois   .            (no amulet)
rElec   .            (no ring)
rCorr   .            (no ring)
SInv    .            (no ring)
Will    .....        (no ring)
Stlth   +++++        (no ring)
HPRegen 0.24/turn    (no ring)
MPRegen 0.09/turn    (no ring)
                     (no ring)

%: no passive effects
@: lethally poisoned (-2 -> -9)
A: almost no armour, amphibious, 8 rings, camouflage 1, gelatinous body 1,
(nimble swimmer 1), tentacles, fangs 1, frail 1
a: no special abilities


You were on level 5 of the Dungeon.
You visited 1 branch of the dungeon, and saw 2 of its levels.

You collected 28 gold pieces.

Inventory:

Hand Weapons
 a - a +0 falchion (weapon)
 d - a +0 long sword
 g - a +0 dagger
Wands
 f - a wand of digging (2)
Scrolls
 b - 2 scrolls of fog
 h - 2 scrolls of teleportation {unknown}
 j - a scroll of identify {unknown}
Potions
 c - a potion of brilliance {unknown}
 e - a potion of haste


   Skills:
 * Level 3.5 Fighting
 * Level 2.4 Long Blades
 * Level 2.5 Dodging
 + Level 7.7 Stealth
 * Level 1.1 Spellcasting


You had 5 spell levels left.
You didn't know any spells.
Your spell library contained the following spells:

 Spells                   Type           Power      Damage    Failure   Level
 Inner Flame              Hex/Fire       0%         N/A       61%         3
 Flame Wave               Conj/Fire      0%         2d4       95%         4
 Sticky Flame             Conj/Fire      0%         2d3       95%         4


Dungeon Overview and Level Annotations

Branches:
Dungeon (6/15)
 Temple: D:4-7

Altars:
Fedhas
Hepliaklqana
Makhleb
Xom

Shops:
D:5 *

Portals:
Sewer: D:5


Innate Abilities, Weirdness & Mutations

You cannot wear most types of armour.
You are amphibious.
You can wear up to eight rings at the same time.
Your skin changes colour to match your surroundings (Stealth+).
Your rubbery body absorbs attacks. (AC +1, EV +1)
((You are camouflaged when in or above water. (Stealth+)))
You have tentacles for arms and can constrict up to eight enemies at once.
You have very sharp teeth.
You are frail. (-10% HP)


Message History

i - a clear potion
(D) Dungeon
Where to? (? - help)
A kobold brigand and 6 kobolds come into view.
The kobold brigand is wielding a +0 whip and quivering poisoned darts.
Found 6 gold pieces.
There is a stone staircase leading up here.
A centaur comes into view.
You see here a scroll labelled WUIDDYQOARPH.
j - a scroll labelled WUIDDYQOARPH The centaur shouts!
The centaur wields a +0 shortbow.
The centaur shoots an arrow.
The arrow hits you!
The centaur shoots an arrow.
The arrow hits you.
There is a stone staircase leading up here.
The centaur shoots an arrow.
The arrow hits you.
You climb upwards.
You hear the sound of rushing water.
There is an entrance to a sewer on this level.
Hurry and find it before the portal rusts away!
You hear the brisk rusting of a very distant drain.
There is a stone staircase leading down here.
You see here an adder corpse.
The water moccasin hisses angrily.
You see here an adder corpse.
Found 5 gold pieces.
Okay, then.
Okay, then.
You hit the water moccasin. Your grab misses the water moccasin.
Your squeeze misses the water moccasin.
The water moccasin is lightly wounded.
The water moccasin closely misses you. The water moccasin bites you!
* * * LOW HITPOINT WARNING * * *
You are lethally poisoned!
The water moccasin poisons you!
It was a potion of mutation.
You feel extremely strange.
You feel frail.
Your teeth lengthen and sharpen.
* * * LOW HITPOINT WARNING * * *
You feel very sick. The water moccasin bites you!
You die...

,* *,* *** ,*******
#.*********#<#**** ,,,,,,,*
#.,,,,,,,,,...,..# ******,*
#.*********#.#*#.# * *,*****
#.### #.# #.# *,,,,,* #.#.# #.#
#.# ***,,,..####.#.# #.# #.#
****,,,,,.......#.###### #.# #.#
,,,,,,,,,.......@....>.# #.# #.#
****,*,,,..####.#S###..###.###.#
*,*,,,,,* #$#............#.#
*,*,,,,,* #.#.#.#..###.#.#.#
*,*,,,,,* #.#.#....#####...#
*,*,,,,,* #.#.###.##...#.###
####....,,,* #.#.# #..+.∩.'.#
........**** #.#.# #.##...#.#
........**#####.#.# #.####.#.#


You could see a water moccasin.

Vanquished Creatures
  A scorpion (D:5)
  A hound (D:5)
  An adder (D:5)
  A quokka (D:5)
4 creatures vanquished.

Notes
Turn   | Place    | Note
-------+----------+-------------------------------------------
     0 | D:5      | Esekla the Octopode Delver began the quest for the Orb.
     0 | D:5      | Reached XP level 1. HP: 16/16 MP: 1/1
     8 | D:5      | Noticed a hound
    13 | D:5      | Killed a hound
    14 | D:5      | Reached skill level 7 in Stealth
    14 | D:5      | Reached XP level 2. HP: 19/21 MP: 2/2
    14 | D:5      | Reached XP level 3. HP: 24/26 MP: 3/3
    24 | D:5      | Noticed a centaur
    48 | D:5      | Found a hazy altar of Hepliaklqana.
    62 | D:5      | Found a shimmering altar of Xom.
    63 | D:5      | Found a burning altar of Makhleb.
    70 | D:5      | Found a glowing drain.
   111 | D:5      | Noticed a scorpion
   122 | D:5      | Killed a scorpion
   123 | D:5      | Reached skill level 1 in Spellcasting
   123 | D:5      | Reached XP level 4. HP: 21/31 MP: 3/5
   154 | D:5      | Noticed a water moccasin
   154 | D:5      | Found Hasotab's Serpentskin Sales.
   259 | D:6      | Noticed a phantom
   315 | D:6      | Noticed a kobold brigand
   330 | D:6      | Noticed a centaur
   357 | D:5      | Gained mutation: You are frail. (-10% HP) [potion of
                  | mutation]
   357 | D:5      | Gained mutation: You have very sharp teeth. [potion of
                  | mutation]
   357 | D:5      | Slain by a water moccasin

Illustrated notes

Levels and vault maps discovered:
D:5:      layout_basic, grunt_temple_overflow_champion_of_chaos,
          kennysheep_mini, lemuel_crystal_altar, gup_sewer_entry_glass,
          serial_glass, glass_columns_c, glass_columns_a, guppyfry_shop_venom
D:6:      nicolae_BIG_FREAKIN_CUBE, layout_loops_cross,
          nemelex_dance_club_becter, mainiacjoe_overflow_chevrons,
          uniq_blork_the_orc

Skill      XL: |  1  2  3 |
---------------+----------+-----
Stealth        | 7 |  7.7
Spellcasting   | 1 |  1.1
Fighting       | |  3.5
Long Blades    | |  2.4
Dodging        | |  2.5

Action                     |  1- 3 |  4- 6 || total
---------------------------+-------+-------++-------
  Melee: Falchion          |    10 |     6 ||    16
         Constrict         |     2 |     2 ||     4
         Tentacles         |     2 |     1 ||     3
  Evoke: Wand              |       |     1 ||     1
    Use: Scroll            |     1 |     1 ||     2
         Potion            |       |     1 ||     1
 Armour: Skin              |       |     1 ||     1
  Dodge: Dodged            |     7 |     3 ||    10

Table legend: (Time is in decaauts)
 A = Elapsed time spent in this place.
 B = Non-inter-level travel time spent in this place.
 C = Inter-level travel time spent in this place.
 D = Time resting spent in this place.
 E = Time spent auto-exploring this place.
 F = Levels seen in this place.
 G = Mean time per level.
                   A        B        C        D        E       F      G
               +--------+--------+--------+--------+--------+-----+--------+
         Total |    360 |    353 |      7 |      0 |      0 |   2 |  180.0 |
       Dungeon |    360 |    353 |      7 |      0 |      0 |   2 |  180.0 |
               +--------+--------+--------+--------+--------+-----+--------+

Top non-repeatable levels by time:
     D:5: 274 daAuts
     D:6: 85 daAuts
